 Dungeon Sprint DCSS version 0.19.0 (webtiles) character file.

289 LORDOFBUTT the Covert (level 6, -3/33 HPs)
             Began as a Spriggan Assassin on Nov 2, 2016.
             Slain by a yak (15 damage)
             ... in the Dungeon (Sprint I: "Red Sonja").
             The game lasted 00:00:54 (483 turns).

LORDOFBUTT the Covert (Spriggan Assassin)            Turns: 483, Time: 00:00:55

Health: -3/33      AC:  3    Str:  7    XL:     6   Next: 9%
Magic:  7/7        EV: 18    Int: 12    God:
Gold:   162        SH:  0    Dex: 20    Spells: 0 memorised, 5 levels left

rFire  . . .     SeeInvis +     a - +2 dagger
rCold  . . .     Gourm    .     c - +0 robe
rNeg   . . .     Faith    .     (shield restricted)
rPois  .         Spirit   .     (helmet restricted)
rElec  .         Reflect  .     d - +0 cloak
rCorr  .         Harm     .     (gloves unavailable)
MR     +....     NoTele   +     (boots unavailable)
Stlth  ++++++....               (no amulet)
                                (no ring)
                                (no ring)

@: very quick
A: unfitting armour, see invisible, herbivore 3, speed 3, slow metabolism 2
a: no special abilities


You were in the Dungeon.
You were not hungry.

You visited 1 branch You collected 162 gold pieces.

Inventory:

Hand Weapons
 a - a +2 dagger (weapon)
 b - a +0 blowgun
Missiles
 e - 2 poisoned needles
Armour
 c - a +0 robe (worn)
 d - a +0 cloak (worn)
Scrolls
 m - a scroll of blinking
Potions
 h - a potion of curing
 i - a potion of heal wounds
 j - a potion of haste
 k - 2 potions of magic
 l - a potion of berserk rage
Comestibles
 g - a bread ration


   Skills:
 + Level 3.8 Fighting
 + Level 5.2 Short Blades
 + Level 6.4 Throwing
 + Level 2.6 Dodging
 + Level 14.5 Stealth


You had 5 spell levels left.
You didn't know any spells.

Dungeon Overview and Level Annotations

Branches:
Dungeon (1/1)

Altars:
Cheibriados
Dithmenos
Elyvilon
Fedhas
Hepliaklqana
Kikubaaqudgha
Okawaru
Qazlal
Ru
Sif Muna
Trog
Uskayaw
Vehumet
Yredelemnul
Zin
The Shining One

Shops:
D *


Innate Abilities, Weirdness & Mutations

You are very small and have problems with some larger weapons.
You are too small for most types of armour.
You have supernaturally acute eyesight. (SInv)
You are a herbivore.
You cover ground extremely quickly.
You need consume almost no food.


Message History

You hit the yak.
The yak is moderately wounded.
The yak misses you.
You barely miss the yak.
The yak is moderately wounded.
You barely miss the yak.
The yak is moderately wounded.
The yak closely misses you.
You completely miss the yak.
The yak is heavily wounded.
The yak gores you.
You barely miss the yak.
The yak is heavily wounded.
The yak closely misses you.
You hit the yak.
The yak is heavily wounded.
You hit the yak but do no damage.
The yak is heavily wounded.
The yak gores you!
You die...

################
#<.#..'..#.)'..#
#..†..#.)'..#..+
#..#####'#####'#
#..# #..# #?#
#..#__#### ##!#
#..#_____##+#..+
#⌠⌠#_(∩...(Y@._#
####_..__##_.#+#
___ ##+# #


You could see a yak.

Vanquished Creatures
  Sigmund (D)
  An ogre (D)
  A jelly (D)
  Ijyb (D)
4 creatures vanquished.

Notes
Turn   | Place    | Note
-------+----------+-------------------------------------------
     0 | D        | LORDOFBUTT the Spriggan Assassin began the quest for the Orb.
     0 | D        | Reached XP level 1. HP: 10/10 MP: 2/2
     2 | D        | Noticed Ijyb
    13 | D        | Killed Ijyb
    13 | D        | Reached skill level 8 in Stealth
    13 | D        | Reached XP level 2. HP: 12/15 MP: 3/3
    66 | D        | Noticed an ogre
    70 | D        | Killed an ogre
    70 | D        | Reached skill level 11 in Stealth
    70 | D        | Reached XP level 3. HP: 20/20 MP: 4/4
    70 | D        | Reached XP level 4. HP: 24/24 MP: 5/5
    79 | D        | Noticed Sigmund
   104 | D        | Killed Sigmund
   104 | D        | Reached skill level 5 in Short Blades
   104 | D        | Reached skill level 14 in Stealth
   104 | D        | Reached XP level 5. HP: 7/29 MP: 6/6
   459 | D        | Found a deep blue altar of Sif Muna.
   461 | D        | Found a radiant altar of Vehumet.
   465 | D        | Reached XP level 6. HP: 33/33 MP: 7/7
   467 | D        | Found Ahemett's General Store.
   467 | D        | Found an ancient bone altar of Kikubaaqudgha.
   467 | D        | Found a hazy altar of Hepliaklqana.
   467 | D        | Found a stormy altar of Qazlal.
   467 | D        | Found a hide-covered altar of Uskayaw.
   467 | D        | Found a blossoming altar of Fedhas.
   467 | D        | Found a bloodstained altar of Trog.
   467 | D        | Found an iron altar of Okawaru.
   467 | D        | Found a basalt altar of Yredelemnul.
   467 | D        | Found a glowing golden altar of the Shining One.
   467 | D        | Found a snail-covered altar of Cheibriados.
   467 | D        | Found a sacrificial altar of Ru.
   467 | D        | Found a glowing silver altar of Zin.
   467 | D        | Found a shadowy altar of Dithmenos.
   467 | D        | Found a white marble altar of Elyvilon.
   467 | D        | Noticed a yak
   483 | D        | Slain by a yak

Skill      XL: |  1  2  3  4 |
---------------+-------------+-----
Fighting       | 2 3 |  3.8
Short Blades   | 3 5 |  5.2
Throwing       | 3 4 6 |  6.4
Stealth        | 8 11 14 | 14.5
Dodging        | 2 |  2.6

Action                   |  1- 3 |  4- 6 || total
-------------------------+-------+-------++-------
Melee: Dagger            |     1 |    29 ||    30
 Fire: Blowgun           |    10 |     6 ||    16
 Stab: Sleeping          |     1 |     1 ||     2
Armor: Robe              |     1 |       ||     1
Dodge: Dodged            |     4 |    10 ||    14
